[Event "Polish University-ch Teams 2024"]
[Site "Lublin"]
[Date "2024.02.24"]
[Round "3.1"]
[White "Janik, Igor"]
[Black "Lukasiewicz, Krzysztof"]
[Result "1-0"]
[ECO "A00"]
[WhiteElo "2499"]
[BlackElo "2290"]
[Annotator "TA"]
[PlyCount "97"]
[EventDate "2024.02.22"]
[EventType "team-tourn"]
[EventCountry "POL"]
[SourceTitle "playchess.com"]
[Source "ChessBase"]
[SourceQuality "1"]
[TimeControl "900+5"]

1. a3 d5 2. e3 Nf6 3. Nf3 Bf5 4. c4 e6 5. Qb3 Qc8 6. Nc3 c6 7. Nh4 Bg4 8. h3 {[%emt 0:00:06] White is slightly better.} Bh5 9. g4 Bg6 10. d4 Nbd7 11. Bd2 Be7 12. Rc1 (12. Nxg6 $14 hxg6 13. cxd5 Nxd5 14. Bg2) 12... Qb8 13. Nxg6 hxg6 14. Bg2 Nb6 15. cxd5 exd5 16. Ne2 O-O 17. O-O Re8 18. Bb4 Bxb4 19. Qxb4 Nc8 20. Nf4 Nd6 21. Nd3 Qd8 22. Ne5 Qe7 23. Rc2 Nd7 24. Nd3 Rad8 25. Re2 Nf6 26. Ne5 Nd7 (26... Nh7 $15) 27. f4 Qe6 28. b3 Nf6 29. a4 Nfe4 30. Kh2 {[%emt 0:00:12] Inhibits Ng3.} Kh7 ({Black should play} 30... Rb8 $15) 31. Bxe4 $14 dxe4 32. Rg2 f6 $2 {[%emt 0:00:18] [#] This move loses the game for Black.} ({Better is} 32... Rh8 $14) 33. Nxg6 $1 $18 Qd5 (33... Nf7 34. Qxb7) 34. f5 b6 (34... Nf7 $142 35. Nf4 (35. Qxb7 Qd6+ 36. Nf4 Ng5 $18) 35... Qd7) 35. Nf4 Qf7 36. Ne6 Rxe6 37. fxe6 Qxe6 38. g5 {[%emt 0:00:01][%cal Bg4g5,Bg5g6][%mdl 32] aiming for gxf6.} f5 39. g6+ Kg8 40. Qe1 {[%emt 0:00:07] Qh4 is the strong threat.} Qxb3 $2 (40... Ne8 41. Qg3 Rd5) 41. Qh4 Re8 42. Rg5 {[%emt 0:00:06] White wants to mate with Rgxf5.} Qe6 43. Qh7+ Kf8 44. Qh8+ Ke7 45. Qxg7+ Kd8 46. Qxa7 Nc8 47. Qb8 Qa2+ 48. Rg2 (48. Kg3 $142 Qa3 49. Rgxf5 (49. Rfxf5 Kd7 $18)) 48... Qxa4 49. g7 {[%emt 0:00:03] Weighted Error Value: White=0.14 (very precise) /Black=0.45.  Loses game:     	---       	Black=1      Mistake:       	White=1     	Black=4      Inaccurate:     	White=3     	Black=3      OK:         	White=12    	Black=9      Best:        	White=2     	Black=1      Brilliant:      	White=1     	---} 1-0

[Event "Polish University-ch Teams 2024"]
[Site "Lublin"]
[Date "2024.02.24"]
[Round "3.2"]
[White "Fiedorek, Michal"]
[Black "Kowalski, Igor"]
[Result "0-1"]
[ECO "B06"]
[WhiteElo "2286"]
[BlackElo "2372"]
[Annotator "RC"]
[PlyCount "82"]
[EventDate "2024.02.22"]
[EventType "team-tourn"]
[EventCountry "POL"]
[SourceTitle "playchess.com"]
[Source "ChessBase"]
[SourceQuality "1"]
[TimeControl "900+5"]

1. e4 g6 2. d4 Bg7 3. Nc3 d6 4. Bg5 a6 5. Qd2 Nd7 6. Nf3 h6 7. Be3 b5 8. Ne2 Bb7 9. Ng3 e6 10. Bd3 Ngf6 11. c3 Ng4 12. a4 bxa4 13. Rxa4 Nb6 14. Ra2 O-O 15. O-O a5 16. Rfa1 a4 17. h3 Nxe3 18. Qxe3 f5 19. Qd2 f4 20. Ne2 e5 21. Qc2 Bc6 22. b3 Kh8 23. bxa4 Ra5 24. Bb5 Bxb5 25. axb5 Rxb5 26. Qd3 Qd7 27. Ra7 Qc6 28. Rxc7 Qxc7 29. Qxb5 Rb8 30. Ra6 g5 31. Qa5 Rb7 32. Kh2 Bf6 33. dxe5 dxe5 34. Nc1 h5 35. Nd3 Nd7 36. Ra8+ Kg7 37. Qd5 Nb6 38. Qg8+ Kh6 39. Rf8 Qg7 40. Qxg7+ Kxg7 41. Re8 Kf7 0-1

[Event "Polish University-ch Teams 2024"]
[Site "Lublin"]
[Date "2024.02.24"]
[Round "3.3"]
[White "Molenda, Marcin"]
[Black "Pultorak, Jan"]
[Result "1-0"]
[ECO "E04"]
[WhiteElo "2377"]
[BlackElo "2303"]
[Annotator "RC"]
[PlyCount "89"]
[EventDate "2024.02.22"]
[EventType "team-tourn"]
[EventCountry "POL"]
[SourceTitle "playchess.com"]
[Source "ChessBase"]
[SourceQuality "1"]
[TimeControl "900+5"]

1. d4 d5 2. c4 e6 3. Nf3 Nf6 4. g3 a6 5. Bg2 dxc4 6. O-O Be7 7. Ne5 O-O 8. Nc3 c5 9. dxc5 Bxc5 10. Nxc4 Nc6 11. Bf4 Qe7 12. Bd6 Bxd6 13. Qxd6 Qxd6 14. Nxd6 Rd8 15. Rfd1 Kf8 16. Rd2 Rb8 17. Rad1 Bd7 18. a3 Ke7 19. b4 Ne8 20. Nxb7 Rxb7 21. Bxc6 Rc7 22. Rxd7+ Rdxd7 23. Rxd7+ Rxd7 24. Bxd7 Kxd7 25. Kf1 Nd6 26. Ke1 Kc6 27. a4 Nb7 28. Kd2 a5 29. bxa5 Nxa5 30. Ne4 h6 31. Kc3 f5 32. Nd2 Kd5 33. Nb3 Nc6 34. a5 e5 35. a6 g5 36. Na5 Na7 37. Nc4 h5 38. Kb4 h4 39. gxh4 gxh4 40. Na3 f4 41. Nb5 Nc8 42. a7 Nxa7 43. Nxa7 Ke4 44. Kc3 Kf5 45. h3 1-0

[Event "Polish University-ch Teams 2024"]
[Site "Lublin"]
[Date "2024.02.24"]
[Round "3.5"]
[White "Antolak, Julia"]
[Black "Adamczewski, Jedrzej"]
[Result "1-0"]
[ECO "E73"]
[WhiteElo "2309"]
[BlackElo "1917"]
[Annotator "TA"]
[PlyCount "65"]
[EventDate "2024.02.22"]
[EventType "team-tourn"]
[EventCountry "POL"]
[SourceTitle "playchess.com"]
[Source "ChessBase"]
[SourceQuality "1"]
[TimeControl "900+5"]

1. d4 Nf6 2. c4 g6 3. Nc3 Bg7 4. e4 d6 5. Be2 O-O 6. Be3 c6 7. h4 e5 8. d5 Qa5 9. Qd2 {[%emt 0:00:07] White is slightly better.} cxd5 10. cxd5 h5 11. Nh3 Nbd7 12. Ng5 Nc5 13. Rb1 Qb4 (13... Qd8 $142) 14. a3 Qb3 15. O-O a5 $2 (15... Ng4 $16 {might work better.}) 16. f4 $2 (16. Rfc1 $18) 16... exf4 $14 17. Rxf4 Bg4 $2 {[%emt 0:00:38][%mdl 8192] [#] Black is now going downhill.} ({Better is} 17... Ng4 $14 18. Bd4 Ne5) 18. e5 $1 $18 dxe5 19. Rxf6 Bxf6 20. Bxc5 Rfc8 {[%emt 0:00:09] Strongly threatening ...Bxg5.} 21. Bxg4 Rxc5 22. Nge4 {[%emt 0:00:20][%csl LRc5,LRf6] Excellent horsemanship.} Be7 23. Bd1 ({Inferior is} 23. Nxc5 Bxc5+ 24. Kh1 hxg4 $15) 23... Qc4 24. Be2 Qd4+ {[%emt 0:00:32] Black is weak on the light squares} 25. Qxd4 exd4 26. Nxc5 dxc3 27. Ne4 cxb2 28. Rxb2 Bxa3 29. Rxb7 Rd8 30. Bc4 {[%emt 0:00:40][%cal Od5d6] [#] d6! would now be deadly.} Bc1 $2 (30... Rc8) 31. d6 Kh8 32. Rxf7 a4 33. Nf6 {[%emt 0:00:06] Weighted Error Value: White=0.32/Black=0.48.  Loses game:     	---       	Black=2      Missed win:     	White=1     	---        Mistake:       	---       	Black=2      Inaccurate:     	---       	Black=3      OK:         	White=10    	Black=4      Best:        	White=3     	Black=1} 1-0

[Event "Polish University-ch Teams 2024"]
[Site "Lublin"]
[Date "2024.02.24"]
[Round "3.6"]
[White "Wojtas, Julia"]
[Black "Kubicka, Anna"]
[Result "0-1"]
[ECO "B92"]
[WhiteElo "1346"]
[BlackElo "2278"]
[Annotator "TA"]
[PlyCount "76"]
[EventDate "2024.02.22"]
[EventType "team-tourn"]
[EventCountry "POL"]
[SourceTitle "playchess.com"]
[Source "ChessBase"]
[SourceQuality "1"]
[TimeControl "900+5"]

1. e4 c5 2. Nf3 d6 3. d4 cxd4 4. Nxd4 Nf6 5. Nc3 a6 6. Be2 e5 7. Nf3 Be7 8. O-O O-O 9. a4 h6 10. h3 Be6 11. Be3 Nbd7 {[%emt 0:00:04] The position is equal.} 12. Nd2 Rc8 13. Kh1 d5 14. exd5 Nxd5 15. Nxd5 Bxd5 16. f4 exf4 17. Bxf4 Bf6 18. c3 Ne5 19. Qc2 Re8 20. Nf3 Ng6 (20... Qd7 $17) 21. Bg3 $11 Be4 22. Qb3 Bd5 23. Qc2 Qb6 24. a5 (24. Bd3 $15) 24... Qc6 $36 {[%emt 0:03:25][%mdl 2048] Black is really pushing. Black is much more active.} 25. Bd3 Ne5 26. Nxe5 Bxe5 27. Bxe5 Rxe5 28. Rae1 Rce8 29. Rxe5 Rxe5 30. c4 {[%emt 0:00:14] [#]} Be6 31. Rf3 Re1+ 32. Kh2 (32. Rf1 $17 Re5 33. Rd1) 32... Qd6+ 33. g3 Qd4 34. Rf2 $2 {[%emt 0:00:33][%mdl 8192] Now White is beyond hope.} (34. Bf1 $17 {is tougher.}) 34... Re3 $19 35. Bf5 {[%emt 0:00:00] [#]} (35. Bf1 $142 Qe5 36. Kh1 Qxg3 (36... Qxa5 $2 37. g4 $19) 37. Re2 Qf3+ (37... Bxh3 $2 38. Rxe3 Qxe3 39. Qd3 $19) 38. Kg1 Bxh3 39. Rxe3 Qxe3+ 40. Qf2 Qxf2+ 41. Kxf2 Bxf1 42. Kxf1) 35... Qe5 $1 ({And not} 35... Qxc4 36. Qd2 Bxf5 (36... Qc5 37. Qd8+ Qf8 38. Bh7+ Kxh7 39. Qxf8 $18) 37. Qxe3 $16) ({Weaker is} 35... Bxc4 36. Rf4 $11) 36. Bxe6 Qxg3+ {[%emt 0:00:02] Black mates.} 37. Kh1 Re1+ 38. Rf1 Rxf1# {[%emt 0:00:02] Weighted Error Value: White=0.71/Black=0.11 (very precise) .  Loses game:     	White=1     	---        Mistake:       	White=3     	Black=1      Inaccurate:     	White=5     	Black=1      OK:         	White=10    	Black=6      Best:        	White=1     	Black=1      Strong:       	---       	Black=1} 0-1

[Event "Polish University-ch Teams 2024"]
[Site "Lublin"]
[Date "2024.02.24"]
[Round "3.7"]
[White "Snihur, Piotr"]
[Black "Baum, Jonasz"]
[Result "0-1"]
[ECO "D02"]
[WhiteElo "2278"]
[BlackElo "2400"]
[Annotator "RC"]
[PlyCount "102"]
[EventDate "2024.02.22"]
[EventType "team-tourn"]
[EventCountry "POL"]
[SourceTitle "playchess.com"]
[Source "ChessBase"]
[SourceQuality "1"]
[TimeControl "900+5"]

1. Nf3 d5 2. g3 Nd7 3. d4 Nb6 4. Bg2 Bf5 5. O-O e6 6. b3 h6 7. Bb2 Nf6 8. Nbd2 Be7 9. Rc1 O-O 10. c4 c6 11. Re1 Bh7 12. Ne5 Qc7 13. e4 Rad8 14. Qe2 Rfe8 15. c5 Nc8 16. Nd3 dxe4 17. Nxe4 Nxe4 18. Bxe4 Bxe4 19. Qxe4 Bf6 20. Rcd1 Ne7 21. Ne5 Qa5 22. a3 Qb5 23. Qc2 Nf5 24. a4 Qa5 25. Nc4 Qc7 26. Re4 Rd7 27. Bc3 Qd8 28. Qb2 e5 29. Rde1 Rd5 30. dxe5 Be7 31. e6 f6 32. b4 Rd3 33. Rf4 Qd5 34. Rfe4 Rd8 35. Qc2 h5 36. Bb2 h4 37. g4 Nh6 38. Nd6 h3 39. Qc4 Qxc4 40. Nxc4 Rb3 41. Ba3 Rdd3 42. R4e3 Nxg4 43. Rxd3 Rxd3 44. Nd6 Rxa3 45. Nf5 Kf8 46. Rd1 g6 47. Ng3 Ne5 48. f4 Nf3+ 49. Kf2 Nxh2 50. Rd7 Ng4+ 51. Ke2 Rxg3 0-1

[Event "Polish University-ch Teams 2024"]
[Site "Lublin"]
[Date "2024.02.24"]
[Round "3.8"]
[White "Szustakowski, Antoni"]
[Black "Sliwicka, Alicja"]
[Result "1-0"]
[ECO "E94"]
[WhiteElo "2354"]
[BlackElo "2309"]
[Annotator "TA"]
[PlyCount "105"]
[EventDate "2024.02.22"]
[EventType "team-tourn"]
[EventCountry "POL"]
[SourceTitle "playchess.com"]
[Source "ChessBase"]
[SourceQuality "1"]
[TimeControl "900+5"]

1. d4 Nf6 2. c4 d6 3. Nc3 Nbd7 4. Nf3 e5 5. e4 g6 6. Be2 Bg7 7. O-O O-O 8. Be3 Ng4 9. Bg5 Bf6 10. Bc1 (10. dxe5 $5 Ngxe5 11. Bh6 $16) 10... exd4 11. Nxd4 {[%emt 0:00:02] White is slightly better.} Nge5 12. Be3 Nc6 13. Nxc6 (13. f4 $14) 13... bxc6 $11 14. Qd2 Ne5 (14... Bb7 $11) 15. f4 $1 $16 Nd7 16. Bf3 a5 17. Rad1 $36 {[%emt 0:00:16][%cal Oe4e5][%mdl 2048] Keeping Black busy.} Nb8 (17... Ra6 $16) 18. c5 Ba6 (18... Be7 $16 19. Be2 Nd7) 19. Rfe1 $18 Be7 20. Qf2 {[%emt 0:01:18] cxd6 would now be deadly.} Nd7 {[%emt 0:00:25] [#]} (20... f6 {was necessary.} 21. Ne2 Bc4) 21. e5 $1 d5 {[%emt 0:00:02] [#]} 22. Nxd5 $1 cxd5 23. Bxd5 Bb5 {[%emt 0:01:46] Wards off Bc6} 24. e6 Nf6 $2 (24... fxe6 25. Bxe6+ Kh8 26. Bxd7 Bxd7) 25. exf7+ (25. Bxa8 Qxa8 26. h3 fxe6 $19) 25... Kg7 26. Bb3 Qc8 (26... Ng4 $142) 27. Bd4 a4 {[%emt 0:01:33] Black is weak on the dark squares} 28. Be6 Qa6 29. g4 {[%emt 0:00:37][%cal Bg2g4,Bg4g5][%mdl 32] Strongly threatening g5.} Rxf7 (29... Rad8 $142 30. g5 Rxd4 31. Qxd4 (31. gxf6+ Bxf6 32. Rxd4 h5 $18) 31... Be2) 30. g5 Rff8 {[%emt 0:00:33] [#]} 31. Bc8 $2 Qxc8 $16 32. Rxe7+ Kg8 {[%emt 0:00:13] Hoping for ...Qg4+.} 33. Qf3 {[%emt 0:00:51] White is much more active.} (33. Bxf6 $2 Qg4+ 34. Qg3 Qxd1+ $19) (33. Qg2 {feels hotter.} Bc6 34. Qe2 Bb5 35. Qxb5 Qg4+ 36. Kf2) 33... Ra6 34. Bxf6 $18 Rf7 35. Rde1 (35. f5 $142 Rxe7 36. Bxe7 Qxf5 37. Rd8+ Kg7 38. Qc3+ Kf7 39. Rf8+ Kxe7 40. Rxf5 gxf5 41. Qb4) 35... Qf8 (35... Rxe7 36. Rxe7 Qf5) 36. Rxf7 $2 (36. Qb7) 36... Qxf7 $2 (36... Qxc5+ 37. Qf2 Qxf2+ 38. Kxf2 Kxf7 39. Re7+ Kf8 40. Rxc7 (40. Rxh7 a3 $18) 40... Rc6 41. Rxh7 Re6) 37. Re7 $2 (37. Qb7 {Intending Qb8+ and mate.} Re6 38. Rxe6 Qxe6 39. Qxb5 Qg4+ 40. Kf2 Qxf4+ 41. Ke2 Qe4+ 42. Kd2) 37... Qc4 38. Rg7+ (38. Rxc7 Re6 39. Rc8+ Re8 40. Rxe8+ Bxe8 $18) 38... Kf8 39. Rxc7 ({Stronger than} 39. Rxh7 Qc1+ 40. Kf2 Qf1+ 41. Kg3 Qg1+ 42. Qg2 Qe3+ 43. Qf3 Qg1+ 44. Qg2 Qe3+ 45. Qf3 Qg1+ $11) 39... Re6 {[%emt 0:00:07] aiming for ...Qc1+.} 40. Bg7+ $2 (40. Rxh7 $2 {too greedy.} Qxc5+ 41. Kg2 Bc6 42. Rh8+ Kf7 43. Rh7+ Ke8 44. Rh8+ Kd7 45. Rh7+ Kd6 46. Be5+ Rxe5 47. fxe5+ Qxe5 $19) (40. Be5 $18 {is more deadly.}) 40... Kg8 $16 {[%emt 0:00:04] [#] And now ...Qc1+ would win.} 41. Be5 ({Better is} 41. Rc8+ $1 $16 Re8 42. Rxe8+ Bxe8 43. Bc3) 41... Qc1+ $11 42. Kg2 {[%emt 0:00:01][%cal Bg1g2,Bg2g3,Bg3h4][%mdl 32] Rc8+ would kill now.} Qc2+ $2 (42... Rxe5 $1 $11 43. fxe5 Qxg5+ 44. Qg3 Qd2+ 45. Qf2 Qg5+ 46. Kh1 Qc1+ 47. Qg1 Qc4 48. Rc8+ Kg7 49. Rc7+ Kg8 50. Rc8+ Kg7) 43. Kg3 $18 Qd2 44. Rc8+ Kf7 45. Rc7+ Kg8 $1 46. Qf2 Qd3+ {[%emt 0:00:03] [#]} 47. Kh4 $1 {[%emt 0:00:01][%cal Oc5c6] White threatens c6! and mate.} ({Don't do} 47. Qf3 Qd2 $18) 47... Re8 $2 (47... Qe4 $18) 48. c6 {[%emt 0:00:04] White mates.} Qd5 49. Rg7+ Kf8 50. Rxh7 Bxc6 51. Qa7 Rxe5 52. Qg7+ Ke8 53. Rh8+ {[%emt 0:00:01] Weighted Error Value: White=0.68/Black=0.64.  Loses game:     	---       	Black=2      Missed win:     	White=1     	---        Mistake:       	White=2     	Black=9      Inaccurate:     	White=1     	Black=2      OK:         	White=12    	Black=10     Best:        	White=2     	Black=4      Strong:       	White=2     	Black=1      Brilliant:      	White=1     	---} 1-0

[Event "Polish University-ch Teams 2024"]
[Site "Lublin"]
[Date "2024.02.24"]
[Round "3.9"]
[White "Brzezinski, Mateusz"]
[Black "Koziorowicz, Michal"]
[Result "1/2-1/2"]
[ECO "A21"]
[WhiteElo "2176"]
[BlackElo "2324"]
[Annotator "RC"]
[PlyCount "141"]
[EventDate "2024.02.22"]
[EventType "team-tourn"]
[EventCountry "POL"]
[SourceTitle "playchess.com"]
[Source "ChessBase"]
[SourceQuality "1"]
[TimeControl "900+5"]

1. c4 f5 2. Nc3 Nf6 3. g3 e5 4. Bg2 g6 5. d3 Bg7 6. Nf3 d6 7. O-O O-O 8. Rb1 a5 9. a3 h6 10. b4 axb4 11. axb4 Be6 12. Nd2 c6 13. b5 d5 14. bxc6 bxc6 15. cxd5 cxd5 16. d4 Ne4 17. Ndxe4 fxe4 18. dxe5 Bxe5 19. Nb5 g5 20. Bb2 Nc6 21. Bxe5 Nxe5 22. Nd4 Qd7 23. Rb6 Bh3 24. Qb3 Bxg2 25. Kxg2 Nc4 26. Rb7 Qd6 27. Qb5 Rad8 28. Nc6 Rd7 29. Rxd7 Qxd7 30. Rd1 Rf5 31. Rxd5 Rxd5 32. Qxd5+ Qxd5 33. Ne7+ Kf7 34. Nxd5 Ke6 35. Nc3 Ke5 36. e3 Nd2 37. Ne2 Nf3 38. h3 Kd5 39. g4 Ke5 40. Ng3 Nd2 41. Nf1 Nf3 42. Ng3 Nd2 43. Ne2 Nf3 44. Kg3 Kd5 45. Nc3+ Ke5 46. Nb5 Kd5 47. Nc7+ Ke5 48. Nb5 Kd5 49. Na3 Kc5 50. Nc2 Kc4 51. Kg2 Kc3 52. Na3 Kb4 53. Nc2+ Kc3 54. Na3 Kb4 55. Nc2+ Kb3 56. Nd4+ Nxd4 57. exd4 Kc4 58. Kf1 Kxd4 59. Ke2 Kd5 60. Ke3 Ke5 61. f3 exf3 62. Kxf3 Kd4 63. Kg3 Ke3 64. h4 Ke2 65. hxg5 hxg5 66. Kg2 Ke3 67. Kg3 Ke4 68. Kh3 Kf3 69. Kh2 Kf4 70. Kg1 Kxg4 71. Kg2 1/2-1/2

[Event "Polish University-ch Teams 2024"]
[Site "Lublin"]
[Date "2024.02.24"]
[Round "3.10"]
[White "Karpus, Michal"]
[Black "Drozdowski, Konrad"]
[Result "1/2-1/2"]
[ECO "C31"]
[WhiteElo "2243"]
[BlackElo "2117"]
[Annotator "TA"]
[PlyCount "126"]
[EventDate "2024.02.22"]
[EventType "team-tourn"]
[EventCountry "POL"]
[SourceTitle "playchess.com"]
[Source "ChessBase"]
[SourceQuality "1"]
[TimeControl "900+5"]

1. e4 e5 2. f4 d5 3. exd5 c6 4. d3 Qxd5 5. Nc3 Qe6 6. fxe5 Qxe5+ 7. Nge2 (7. Qe2 {vereinfacht} Qxe2+ 8. Ngxe2 Nf6 9. h3) 7... Bg4 8. Bf4 ({Besser ist} 8. d4 $14 Qf6 9. h3) 8... Qxf4 $11 9. Nxf4 Bxd1 10. Rxd1 Bd6 11. Nfe2 Nf6 12. Kd2 Nbd7 13. g3 O-O 14. Bg2 Ne5 15. Nd4 Neg4 {[%emt 0:00:37] Droht stark ...Nf2.} 16. Rde1 Rfe8 17. Nf5 Bc7 18. h3 Ne5 19. Rhf1 Rad8 20. Kc1 Re6 21. g4 Rde8 {[%emt 0:00:20][%cal Oe5d3] Und jetzt ...Nxd3+! wäre schön.} 22. Kd1 Ng6 23. Ne4 Nxe4 24. Bxe4 Nf4 25. h4 Ng6 26. h5 Ne7 27. h6 Nxf5 28. gxf5 Rxh6 29. Bxc6 $1 Rf8 30. Bd5 Bd8 {[%emt 0:00:00] Pariert Re7.} 31. b4 b6 32. b5 Rh4 33. Re2 {[%emt 0:01:01] [#]} (33. c4 $11) 33... Rb4 $1 $17 34. Bb3 Rxb5 35. Re4 Bf6 36. Kd2 h6 37. d4 Rd8 38. c3 Re5 39. Rxe5 Bxe5 $15 {[%emt 0:00:00][%mdl 4096] Endspiel. KRB-KRB} 40. Ke3 Bf6 41. Ke4 h5 42. Ba4 h4 43. Bc6 Rc8 44. Kd5 Rd8+ (44... Rc7 $17 45. Re1 Bg5) 45. Kc4 (45. Ke4 $11 {war der einzige Weg, das Gleichgewicht zu halten.}) 45... Kh7 $17 46. Bd5 $2 (46. Be4 $17 {ist eine bessere Chance.}) 46... Rc8+ $2 (46... b5+ $1 $19 {ist viel giftiger.} 47. Kc5 Be7+ 48. Kxb5 Rxd5+ 49. Kc6 Rd6+ 50. Kb7 Kh6) 47. Kd3 Rc7 48. c4 Kh6 49. Rg1 Bg5 50. a4 Re7 51. Be4 g6 52. fxg6 fxg6 53. a5 Rg7 ({Natürlich nicht} 53... bxa5 $6 54. c5 $16) 54. axb6 axb6 55. Rb1 {[%emt 0:00:09] [#]} Bd8 56. d5 (56. Rf1 $17) 56... Bc7 57. Kd4 (57. Rf1 $17 {war einen Versuch wert.}) 57... g5 (57... Rf7 $19 {Weiss muss nun ...g5 beachten.} 58. Rb3 Re7) 58. c5 bxc5+ 59. Kxc5 g4 (59... Bf4 $17 {...Rc7+ ist eine echte Drohung.} 60. d6 Rd7) 60. d6 $15 Bxd6+ 61. Kxd6 Kg5 62. Ke5 Re7+ {[%emt 0:00:02][%mdl 1024] Schwarz hat Kompensation.} 63. Kd4 g3 {[%emt 0:00:09] Gewichteter Fehlerwert: Weiß=0.28 (präzise) /Schwarz=0.25 (präzise) .  Verlustzug:     	Weiß=1     	---        Gewinn verpasst:   	---       	Schwarz=1     Fehler:       	Weiß=5     	Schwarz=3     Ungenau:       	Weiß=4     	Schwarz=7     OK:         	Weiß=14    	Schwarz=18    Bester:       	Weiß=3     	Schwarz=2     Stark:        	Weiß=1     	Schwarz=1} 1/2-1/2

[Event "Polish University-ch Teams 2024"]
[Site "Lublin"]
[Date "2024.02.24"]
[Round "3.11"]
[White "Paziak, Patryk"]
[Black "Syrkiewicz, Michal"]
[Result "0-1"]
[ECO "B41"]
[WhiteElo "1781"]
[BlackElo "2074"]
[Annotator "NA RC"]
[PlyCount "67"]
[EventDate "2024.02.22"]
[EventType "team-tourn"]
[EventCountry "POL"]
[SourceTitle "playchess.com"]
[Source "ChessBase"]
[SourceQuality "1"]
[TimeControl "900+5"]

1. e4 c5 2. Nf3 e6 3. d4 cxd4 4. Nxd4 a6 5. c4 Nf6 6. Nc3 Bb4 7. Qd3 O-O 8. Be2 Nc6 9. Nxc6 dxc6 10. Qxd8 Rxd8 11. Bg5 e5 12. a3 Bxc3+ 13. bxc3 b5 14. a4 Be6 15. O-O Bxc4 16. Bxc4 bxc4 17. f4 Rd3 18. Bxf6 gxf6 19. fxe5 fxe5 20. Rf6 Rxc3 21. Rxc6 Rc2 22. Rf1 Rd8 23. Kh1 Rd7 24. h4 h5 25. Rf5 Rd1+ 26. Kh2 Rdd2 27. Rc8+ Kg7 28. Rg5+ Kf6 29. Rc6+ Ke7 30. Rc7+ Ke6 31. Rc6+ Rd6 32. Rc8 c3 33. Re8+ Kd7 34. Rexe5 0-1

[Event "Polish University-ch Teams 2024"]
[Site "Lublin"]
[Date "2024.02.24"]
[Round "3.12"]
[White "Harazinska, Magdalena"]
[Black "Rykala, Monika"]
[Result "1/2-1/2"]
[ECO "A90"]
[WhiteElo "1950"]
[BlackElo "1893"]
[Annotator "NA RC"]
[PlyCount "83"]
[EventDate "2024.02.22"]
[EventType "team-tourn"]
[EventCountry "POL"]
[SourceTitle "playchess.com"]
[Source "ChessBase"]
[SourceQuality "1"]
[TimeControl "900+5"]

1. d4 d5 2. c4 e6 3. Nc3 c6 4. Nf3 f5 5. g3 Nf6 6. b3 Bd6 7. Bg2 O-O 8. O-O Bd7 9. Bb2 Be8 10. Ne1 Bh5 11. Nd3 Qe7 12. Qc2 Nbd7 13. Rae1 Ne4 14. f3 Nxg3 15. hxg3 Bxg3 16. e3 Qh4 17. Rf2 Bxf2+ 18. Qxf2 Qxf2+ 19. Kxf2 Bf7 20. e4 fxe4 21. fxe4 dxc4 22. bxc4 e5 23. Nxe5 Nxe5 24. dxe5 Bxc4+ 25. Bf3 Rad8 26. Bc1 b5 27. a3 a5 28. Nd1 Rd3 29. Ne3 Be6 30. Ke2 Rd7 31. Bb2 Rfd8 32. Bc3 Ra8 33. Nf5 Bc4+ 34. Kf2 Rd3 35. Re3 Rxe3 36. Kxe3 Ra7 37. Nd4 c5 38. Nc6 Rc7 39. Nxa5 Be6 40. Be2 c4 41. Kf4 Kf7 42. Kg5 1/2-1/2

[Event "Polish University-ch Teams 2024"]
[Site "Lublin"]
[Date "2024.02.24"]
[Round "3.13"]
[White "Kosakowski, Jakub"]
[Black "Szpar, Milosz"]
[Result "1/2-1/2"]
[ECO "B28"]
[WhiteElo "2482"]
[BlackElo "2495"]
[Annotator "RC"]
[PlyCount "133"]
[EventDate "2024.02.22"]
[EventType "team-tourn"]
[EventCountry "POL"]
[SourceTitle "playchess.com"]
[Source "ChessBase"]
[SourceQuality "1"]
[TimeControl "900+5"]

1. e4 c5 2. Nf3 a6 3. c3 d5 4. exd5 Qxd5 5. d4 Nf6 6. Be3 cxd4 7. cxd4 e6 8. Nc3 Qa5 9. Bd3 Nc6 10. O-O Be7 11. Rc1 Bd7 12. Bb1 Rd8 13. Qd3 Nb4 14. Qe2 Qh5 15. Rfe1 O-O 16. Bg5 Bc6 17. Ne4 h6 18. Bxf6 gxf6 19. a3 Nd5 20. Ng3 Qg4 21. h3 Qg7 22. Nh5 Qh8 23. Qd3 Rfe8 24. Nh4 f5 25. Qg3+ Kf8 26. Rxe6 Bg5 27. Rxe8+ Rxe8 28. Rd1 f4 29. Qg4 Ba4 30. Rf1 Bb5 31. Rc1 f3 32. Nxf3 Bxc1 33. Ne5 Bg5 34. Ba2 Rxe5 35. dxe5 Qxe5 36. Qc8+ Ke7 37. Qc5+ Ke6 38. Ng7+ Kf6 39. Nh5+ Kg6 40. Bxd5 Qe1+ 41. Kh2 Qe5+ 42. Ng3 Bf4 43. Qc2+ Kg7 44. Bf3 h5 45. h4 Kh6 46. Bxb7 Qe7 47. Bf3 Qxh4+ 48. Kg1 Bxg3 49. fxg3 Qxg3 50. Qf5 Qe1+ 51. Kh2 Qh4+ 52. Kg1 Qe1+ 53. Kh2 Qh4+ 54. Qh3 Qxh3+ 55. Kxh3 Kg5 56. Kg3 h4+ 57. Kf2 Kf4 58. b4 f5 59. Bd1 Ke5 60. a4 Bc6 61. Be2 Bxa4 62. Bxa6 Kd4 63. Bc8 Kc4 64. Bxf5 Bc6 65. b5 Kxb5 66. g3 hxg3+ 67. Kxg3 1/2-1/2